 Dungeon Crawl Stone Soup version 0.15-a0-1646-g393eda0 (webtiles) character file.

42 Nikss the Ruinous (level 3, 0/27 HPs)
             Began as a Draconian Conjurer on June 22, 2014.
             Succumbed to an adder's poison
             ... on Level 1 of the Dungeon.
             The game lasted 00:08:35 (1288 turns).

Nikss the Ruinous (Draconian Conjurer)              Turns: 1288, Time: 00:08:36

HP   0/27        AC  5     Str 10      XL: 3   Next: 35%
MP   0/6         EV 17     Int 16      God:
Gold 20          SH  0     Dex 16      Spells:  1 memorised,  5 levels left

rFire  . . .     SeeInvis .     d - +0 whip
rCold  . . .     Clarity  .     (armour unavailable)
rNeg   . . .     rCorr    .     (no shield)
rPois  .         rRot     .     (helmet restricted)
rElec  .         Spirit   .     (no cloak)
SustAb .         Warding  .     (no gloves)
rMut   .         Stasis   .     (no boots)
Gourm  .                        (no amulet)
MR     .....                    (no ring)
                                (no ring)

@: agile, lethally poisoned, not resistant to hostile enchantments, fairly
stealthy
A: unfitting armour, cold-blooded, AC +5
a: no special abilities


You were on level 1 of the Dungeon.
You were not hungry.

You visited 1 branch of the dungeon, and saw 2 of its levels.

You collected 20 gold pieces.

Inventory:

Hand weapons
 d - a +0 whip (weapon)
 g - a +0 club
 j - a +0 dagger
 k - a cursed -2 whip
 o - a cursed -3 club
 q - a +0 dagger
 t - a +0 sling
Missiles
 a - 40 stones (quivered)
 h - 26 bolts
 n - 13 arrows
Armour
 r - a +1 cloak
Comestibles
 b - a bread ration
 m - a meat ration
Scrolls
 f - a scroll of noise {unknown}
 l - a scroll of magic mapping {unknown}
 p - a scroll of fear {unknown}
Jewellery
 i - a cursed ring of teleportation {unknown}
Books
 c - a book of Conjurations

   Spells                             Type                      Level
   *Magic Dart                        Conjuration                  1
   Searing Ray                        Conjuration                  2
   Dazzling Spray                     Conjuration/Hexes            3
   Fulminant Prism                    Conjuration/Hexes            4
   Iskenderun's Mystic Blast          Conjuration                  4
   Iskenderun's Battlesphere          Conjuration/Charms           5


   Skills:
 + Level 0.4 Fighting
 + Level 0.3 Throwing
 + Level 2.0 Dodging
 + Level 2.1 Stealth
 + Level 2.0 Spellcasting
 + Level 4.8 Conjurations


You had 5 spell levels left.
You knew the following spells:

 Your Spells              Type           Power        Failure   Level  Hunger
a - Magic Dart            Conj           ###.         3%          1    #......


Dungeon Overview and Level Annotations

Branches:
Dungeon (2/15)

Altars:


Innate Abilities, Weirdness & Mutations

Your plain brown scales are hard (AC +5).
Your body does not fit into most forms of armour.
Your cold-blooded metabolism reacts poorly to cold.


Message History

You are more poisoned.
The adder poisons you!
Read which item? (? for menu, Esc to quit)
Okay, then.
Drink which item? (? for menu, Esc to quit)
You feel agile all of a sudden.
It was a potion of agility.
* * * LOW HITPOINT WARNING * * *
You feel sick. The rat completely misses you. The adder misses you.
The rat bites you.
* * * LOW HITPOINT WARNING * * *
Unknown command.
You aren't carrying any potions.
You aren't carrying any potions.
Eat which item? (? for menu, Esc to quit)
Okay, then.
Read which item? (? for menu, Esc to quit)
As you read the scroll labeled SKEW LARAOHEKES, it crumbles to dust.
You feel blessed for a moment.
It was a scroll of remove curse.
You die...

######.#.# #..........# #.#
#......#.#####..........# #.#
#.####.#................# #.#
#.# #.#.######.........# #.# #.#
#...# ##'#......# #.#
#.####.#.## #.#......######.#
..........# #.#.............#
#.####.#..######S######.########
...............r@# #.#
########...#####r# #.#
.......#.#.# #.# #.#
P#≈#P....#.## #.# #.#
##≈##P...#..# #.# #.#
≈≈≈≈≈..#.##.# #.# #.#
##≈##P.#.##.####.### #.#
P#≈#P..#...........####.#
.......#####.###........#


You could see an adder and 2 rats.

Vanquished Creatures
  A giant mite (D:1)
  A giant cockroach (D:1)
  8 goblins (D:1)
  4 hobgoblins (D:1)
  An ooze (D:1)
  6 bats (D:1)
  2 giant newts (D:1)
  5 kobolds (D:1)
  4 rats (D:1)
32 creatures vanquished.

Notes
Turn   | Place    | Note
--------------------------------------------------------------
     0 | D:1      | Nikss, the Draconian Conjurer, began the quest for the Orb.
     0 | D:1      | Reached XP level 1. HP: 14/14 MP: 3/3
   409 | D:1      | Reached XP level 2. HP: 15/20 MP: 0/4
   804 | D:1      | Reached XP level 3. HP: 23/26 MP: 0/6
  1287 | D:1      | HP: 1/27 [rat (2)]
  1288 | D:1      | Succumbed to an adder's poison

Action                   || total
-------------------------++-------
Melee: Unarmed           ||    18
       Whip              ||    25
Throw: Stone             ||    20
 Cast: Magic Dart        ||    51
  Use: Scroll            ||     1
       Potion            ||     1
